 Dungeon Crawl Stone Soup version 0.22-a0-558-gc224181 (webtiles) character file.

65 royokou the Conjurer (level 3, -2/19 HPs)
             Began as a Deep Elf Conjurer on June 26, 2018.
             Slain by Sigmund
             ... wielding a +0 scythe
              (9 damage)
             ... on level 2 of the Dungeon on June 27, 2018.
             The game lasted 00:09:41 (1403 turns).

royokou the Conjurer (Deep Elf Conjurer)            Turns: 1403, Time: 00:09:42

Health: -2/19      AC:  6    Str:  6    XL:     3   Next: 92%
Magic:  8/10       EV: 12    Int: 19    God:
Gold:   20         SH:  0    Dex: 15    Spells: 6/9 levels left

rFire    + . .     SeeInvis .   s - +2 whip (elec)
rCold    . . .     Gourm    .   (no shield)
rNeg     . . .     Faith    .   t - +0 leather armour
rPois    .         Spirit   .   p - +0 helmet
rElec    .         Reflect  .   i - +1 cloak
rCorr    .         Harm     .   (no gloves)
MR       .....                  (no boots)
Stlth    ++........             (no amulet)
HPRegen  0.06/turn              m - ring of protection from fire
MPRegen  0.12/turn              (no ring)

@: lethally poisoned (-2 -> -5)
A: no striking features
a: no special abilities


You were on level 2 of the Dungeon.
You were not hungry.

You visited 1 branch of the dungeon, and saw 2 of its levels.

You collected 20 gold pieces.

Inventory:

Hand Weapons
 e - a +0 dagger
 g - a +0 hunting sling
 k - a +2 dagger of venom
 l - a +0 dagger of venom
 s - a +2 whip of electrocution (weapon)
Missiles
 d - 42 sling bullets
 f - 24 stones (quivered)
Armour
 a - a +0 robe
 i - a +1 cloak (worn)
 p - a +0 helmet (worn)
 t - a +0 leather armour (worn)
Jewellery
 m - a ring of protection from fire (left hand)
Scrolls
 b - 3 scrolls of identify {unknown}
 h - 2 scrolls of noise {unknown}
 j - a scroll of remove curse {unknown}
 n - a scroll of amnesia {unknown}
 o - 2 scrolls of immolation {unknown}
Potions
 q - a potion of haste
 r - a potion of might
Comestibles
 c - 2 rations
 u - a chunk of flesh


   Skills:
 + Level 2.9 Dodging
 + Level 2.6 Stealth
 + Level 3.7 Spellcasting
 + Level 5.5 Conjurations


You had 6 spell levels left.
You knew the following spells:

 Your Spells              Type           Power        Failure   Level  Hunger
a - Magic Dart            Conj           ###.         2%          1    None
b - Searing Ray           Conj           ###...       3%          2    ##.....

Your spell library contained the following spells:

 Spells                   Type           Power        Failure   Level  Hunger
 Iskenderun's Mystic Bla  Conj           ###.....     22%         4    ####...
 Fulminant Prism          Conj/Hex       ##........   56%         4    ####...
 Dazzling Spray           Conj/Hex       ##....       22%         3    ###....
 Force Lance              Conj/Tloc      ##......     56%         4    ####...


Dungeon Overview and Level Annotations

Branches:
Dungeon (2/15)

Altars:

Annotations:
D:2 Sigmund


Message History

The adder bites you.
You are poisoned.
The adder poisons you!
You feel sick.
Okay, then.
You closely miss the adder.
The adder is lightly wounded.
The adder bites you but does no damage. The adder misses you.
You hit the adder.
The adder is heavily wounded.
You feel sick. The adder barely misses you.
You miss the adder.
The adder is heavily wounded.
The adder barely misses you. The goblin barely misses you.
The adder bites you but does no damage.
You barely miss the adder.
The adder is heavily wounded.
The goblin hits you but does no damage. The adder bites you.
The goblin closely misses you. Something hits you!
You die...

#.......# #.......# #.#.#
#.###.#####.#.# ##
#.......... #.#####.#.# # #.#
#.#..... ######.## #.#.##.#
.........# #.#.##.# #.
#######..####@#....### #.##.
#.....gS........@ .....
#######.####{#.##.####g##.##@
#.......# #.................
#######.# ###.##.### #.##.
#.# #.##.# #.##) #.#
#.##.#######)##.
#.######......{..†.....
#.##................##.


You could see an adder and a goblin.

Vanquished Creatures
  Jessica (D:2)
  A dart slug (D:1)
  A leopard gecko (D:1)
  2 giant cockroaches
  9 goblins
  3 hobgoblins
  3 jackals (D:2)
  2 bats
  3 frilled lizards
  5 kobolds
  5 rats (D:1)
35 creatures vanquished.

Notes
Turn   | Place    | Note
-------+----------+-------------------------------------------
     0 | D:1      | royokou the Deep Elf Conjurer began the quest for the Orb.
     0 | D:1      | Reached XP level 1. HP: 10/10 MP: 6/6
   334 | D:1      | Reached XP level 2. HP: 15/15 MP: 5/8
   339 | D:1      | Learned a level 2 spell: Searing Ray
   586 | D:1      | Reached skill level 5 in Conjurations
  1067 | D:2      | Noticed Jessica
  1076 | D:2      | Killed Jessica
  1076 | D:2      | Reached XP level 3. HP: 19/19 MP: 6/10
  1197 | D:2      | Noticed Sigmund
  1403 | D:2      | Slain by Sigmund

Vault maps used:
D:1:      lemuel_arrival_funnel
D:2:      marbit_many_paths, kennysheep_generic_room_4, uniq_jessica,
          uniq_natasha, uniq_sigmund

Skill      XL: |  1  2 |
---------------+-------+-----
Conjurations   | 5 |  5.5
Dodging        | |  2.9
Stealth        | |  2.6
Spellcasting   | |  3.7

Action                   || total
-------------------------++-------
Melee: Whip              ||    30
 Cast: Magic Dart        ||    49
  Use: Potion            ||     3
  Eat: Chunk             ||     1
Armor: Leather armour    ||    18
Dodge: Dodged            ||    18

Table legend:
 A = Spawn XP
 B = Non-spawn XP
 C = Spawn XP percentage of total XP
 D = Spawn monster count
 E = Non-spawn monster count
 F = Spawn count percentage of total count
 G = Total turns spent on level
                    A         B        C        D         E        F      G
               +---------+---------+-------+---------+---------+-------+---------
         Total |       0 |      93 |   0.0 |       0 |      35 |   0.0 |  1403
               +---------+---------+-------+---------+---------+-------+---------
           D:1 |       0 |      35 |   0.0 |       0 |      22 |   0.0 |  1059
           D:2 |       0 |      58 |   0.0 |       0 |      13 |   0.0 |   344
               +---------+---------+-------+---------+---------+-------+---------
